 Dungeon Crawl Stone Soup version 0.24.0-41-g2ae2f7f1be (webtiles) character file.

Game seed: 9703115493730794654, levelgen mode: deterministic

239989 Ereth the Brawler (level 18, 159/159 HPs)
             Began as a Troll Fighter on Nov 30, 2019.
             Was the Champion of Okawaru.
             Got out of the dungeon
             ... with 2 runes on Dec 13, 2019!
             The game lasted 02:40:22 (32398 turns).

Ereth the Brawler (Troll Fighter)                  Turns: 32398, Time: 02:40:23

Health: 159/159    AC: 20    Str: 37    XL:     18   Next: 60%
Magic:  24/24      EV: 13    Int:  4    God:    Okawaru [******]
Gold:   1924       SH: 22    Dex: 12    Spells: 25/26 levels left

rFire    + . .     SeeInvis .     - Unarmed
rCold    + . .     Gourm    +   T - +0 large shield
rNeg     + + .     Faith    .   N - +3 pearl dragon scales
rPois    +         Spirit   .   J - -2 hat of the Alchemist {rElec rPois rF+ rC+ rN+ MR+ rMut rCorr}
rElec    +         Reflect  .   Z - +1 cloak {+Inv}
rCorr    +         Harm     .   (gloves unavailable)
rMut     +                      (boots unavailable)
MR       ++...                  R - amulet of the acrobat
Stlth    +.........             x - ring of poison resistance
HPRegen  0.76/turn              A - +5 ring of strength
MPRegen  0.19/turn

@: no status effects
A: large, unfitting armour, claws 3, fast metabolism 3, gourmand, regeneration
1, shaggy fur 1, tough skin 3
}: 2/15 runes: decaying, serpentine
a: Heroism, Finesse, Renounce Religion, Evoke Invisibility


You escaped.
You worshipped Okawaru.
Okawaru was exalted by your worship.
You were not hungry.

You visited 6 branches of the dungeon, and saw 32 of its levels.

You collected 2977 gold pieces.
You spent 1053 gold pieces at shops.

Inventory:

Missiles
 H - 35 boomerangs
 O - 11 javelins (quivered)
 Y - 6 boomerangs of dispersal
Armour
 I - the +3 crown of Dyrovepreva {rElec Int+2 SInv}
   (You bought it in a shop on level 2 of the Orcish Mines)

   It affects your intelligence (+2).
   It insulates you from electricity.
   It lets you see invisible.
 J - the -2 hat of the Alchemist (worn) {rElec rPois rF+ rC+ rN+ MR+ rMut rCorr}
   (Okawaru gifted it to you on level 4 of the Swamp)

   It protects you from fire.
   It protects you from cold.
   It insulates you from electricity.
   It protects you from poison.
   It protects you from negative energy.
   It affects your resistance to hostile enchantments.
   It provides partial protection from all sources of acid and corrosion.
   It protects you from mutation.
 N - +3 pearl dragon scales (worn)
 T - a +0 large shield (worn)
 Z - a +1 cloak of invisibility (worn)
Jewellery
 x - a ring of poison resistance (left claw)
 y - a +4 ring of protection
 z - an uncursed amulet of harm
 A - a +5 ring of strength (right claw)
 R - an amulet of the acrobat (around neck)
 W - the amulet of Eruehut {Reflect Str-4 Dex+3 SH+4 SInv}
   (You took it off a naga mage on level 4 of the Snake Pit)

   [amulet of reflection]

   It shields you and reflects attacks.
   It affects your strength (-4).
   It affects your dexterity (+3).
   It lets you see invisible.
   It affects your SH (+4).
 X - the ring "Papekexki" {Wiz rC- Int+4 Dex+2, unknown}
   (You found it on level 3 of the Snake Pit)

   [ring of wizardry]

   It improves your spell success rate.
   It affects your intelligence (+4).
   It affects your dexterity (+2).
   It makes you vulnerable to cold.
Wands
 b - a wand of scattershot (6)
 e - a wand of enslavement (9)
 g - a wand of disintegration (7)
 n - a wand of random effects (69)
 p - a wand of acid (11)
 q - a wand of flame (54)
 B - a wand of polymorph (37)
 D - a wand of paralysis (4)
 L - a wand of digging (7)
 P - a wand of iceblast (15)
 S - a wand of clouds (13)
Scrolls
 a - 3 scrolls of fear
 h - 11 scrolls of teleportation
 j - 9 scrolls of magic mapping
 k - a scroll of fog
 l - 5 scrolls of identify
 m - a scroll of summoning
 r - 17 scrolls of remove curse
 M - 4 scrolls of enchant weapon
 U - a scroll of blinking
 V - a scroll of amnesia
Potions
 c - 5 potions of might
 f - 3 potions of curing
 o - 9 potions of brilliance
 s - 8 potions of flight
 t - a potion of heal wounds
 u - 4 potions of agility
 v - 3 potions of haste
 w - 4 potions of magic
 C - 3 potions of cancellation
 E - 4 potions of berserk rage
 F - 2 potions of ambrosia
 Q - 3 potions of invisibility
Miscellaneous
 i - a lightning rod (4/4)
 G - a lightning rod (4/4)
 K - a lamp of fire
Comestibles
 d - 67 rations


   Skills:
 + Level 5.8 Fighting
 + Level 4.0 Throwing
 + Level 7.8 Armour
 + Level 9.7 Dodging
 + Level 3.6 Stealth
 + Level 14.2 Shields
 + Level 20.7 Unarmed Combat
 + Level 4.8 Spellcasting
 + Level 6.5 Necromancy
 + Level 3.2 Invocations
 + Level 0.1 Evocations


You had 25 spell levels left.
You knew the following spells:

 Your Spells              Type           Power        Failure   Level  Hunger
a - Animate Skeleton      Necr           N/A          5%          1    ##.....

Your spell library contained the following spells:

 Spells                   Type           Power        Failure   Level  Hunger
 Pain                     Necr           #...         5%          1    ##.....
 Vampiric Draining        Necr           #.........   16%         3    ####...
 Animate Dead             Necr           N/A          47%         4    #####..
 Regeneration             Chrm/Necr      #.........   52%         3    ####...
 Apportation              Tloc           #.....       61%         1    ##.....
 Beastly Appendage        Tmut           #.....       61%         1    ##.....
 Confusing Touch          Hex            #.....       61%         1    ##.....
 Flame Tongue             Conj/Fire      #....        61%         1    ##.....
 Summon Small Mammal      Summ           #...         61%         1    ##.....
 Call Imp                 Summ           #.......     75%         2    ###....
 Passwall                 Tmut/Erth      #.......     75%         2    ###....
 Sticks to Snakes         Tmut           #.......     75%         2    ###....
 Swiftness                Chrm/Air       #.......     75%         2    ###....
 Throw Flame              Conj/Fire      #.....       75%         2    ###....
 Call Canine Familiar     Summ           #.......     93%         3    ####...
 Conjure Flame            Conj/Fire      #.......     93%         3    ####...
 Inner Flame              Hex/Fire       #.......     93%         3    ####...
 Spider Form              Tmut/Pois      #.........   93%         3    ####...
 Summon Guardian Golem    Hex/Summ       #.......     93%         3    ####...
 Ice Form                 Ice/Tmut       #.......     100%        4    #####..
 Passage of Golubria      Tloc           N/A          100%        4    #####..
 Sticky Flame             Conj/Fire      #.......     100%        4    #####..
 Summon Ice Beast         Ice/Summ       #.......     100%        4    #####..
 Summon Lightning Spire   Summ/Air       #.......     100%        4    #####..
 Blade Hands              Tmut           #.........   100%        5    ######.
 Fireball                 Conj/Fire      #.........   100%        5    ######.
 Lee's Rapid Deconstruct  Erth           #.........   100%        5    ######.
 Silence                  Hex/Air        #.........   100%        5    ######.
 Conjure Ball Lightning   Conj/Air       #.........   100%        6    #######
 Darkness                 Hex            #.........   100%        6    #######
 Deflect Missiles         Chrm/Air       #.........   100%        6    #######
 Invisibility             Hex            #.......     100%        6    #######
 Tornado                  Air            #.........   100%        9    #######


Dungeon Overview and Level Annotations

Branches:
Dungeon (15/15)            Temple (1/1) D:6            Lair (6/6) D:9
  Swamp (4/4) Lair:4        Snake (4/4) Lair:2        Slime (0/5) Lair:5
    Orc (2/2) D:9             Elf (0/3) Orc:2        Vaults (0/5) D:14
 Depths (0/5) D:15

Altars:
Ashenzari
Cheibriados
Dithmenos
Elyvilon
Fedhas
Gozag
Hepliaklqana
Kikubaaqudgha
Makhleb
Nemelex Xobeh
Okawaru
Qazlal
Ru
Sif Muna
Trog
Uskayaw
Vehumet
Wu Jian
Xom
Yredelemnul
Zin
The Shining One
Beogh
Jiyva

Shops:
D:9 }   D:10 !   D:15 =   Orc:2 [[(*   Snake:1 [   Snake:4 =

Portals:
Trove: D:13 (give +4 fire dragon scales)

Annotations:
Lair:4 3 runed translucent doors, mavignon's ghost, journeyman MfVM
Lair:5 exclusion: oklob plant
Swamp:2 Roxanne
Snake:3 3 runed translucent doors, Mesmaeker13's ghost, adept KoCj


Innate Abilities, Weirdness & Mutations

You are too large for most types of armour.
You have claws for hands.
Your metabolism is lightning-fast.
You like to eat raw meat.
Your natural rate of healing is unusually fast.
You are covered in fur. (AC +1)
You have extremely tough skin. (AC +3)


Message History

You see here a +0 giant club.
There is an open door here.
You see here a pair of boots.
There is a stone staircase leading up here.
You climb upwards.
There is a stone staircase leading down here.
There is a stone staircase leading up here.
You climb upwards.
There is a stone staircase leading down here.
You see here a +0 club.
There is a stone staircase leading up here.
You climb upwards.
There is a stone staircase leading down, spattered with blood here.
There is a stone staircase leading up here.
You climb upwards.
There is a stone staircase leading down here.
There is an open door here.
There is a staircase leading out of the dungeon here.
Are you sure you want to leave the Dungeon?
This will make you lose the game!
You have escaped!

.......# #...# #.....
.......# ###...###
#..... .......#
#.......# #...##
.......#
####.......#####.....
..######
#.............##...##
..#
#......⌠......##...#
..#
#.............##...#
..#####
####.......#####...#
......# #@......#
##...# ......#
###...### #....#
......# #...# #....##
......# #...# #......
#.....# ##'## #......
#.....#
#.#######......
#.....#
#..............
#######
#########..(...
#......


There were no monsters in sight!

Vanquished Creatures
  Jorgrun (D:12)
  2 tentacled monstrosities
  Rupert (Snake:1)
  Agnes (Snake:2)
  A thorn hunter (Swamp:3)
  Kirke (Snake:1)
  3 nagarajas (Snake:4)
  2 orc warlords
  Donald (Swamp:2)
  A fire giant (D:15)
  The ghost of Waecyras the Immaculate, an adept KoGl of Zin (D:15)
  A very ugly thing (Swamp:2)
  Nessos (Lair:4)
  Azrael (Snake:2)
  Snorg (D:10)
  Josephine (Lair:6)
  A vault guard (D:14)
  Erolcha (D:11)
  3 fire dragons (Swamp:4)
  19 naga warriors
  24 hydras
  Harold (D:7)
  4 centaur warriors
  14 alligators
  14 anacondas
  A catoblepas (Lair:5)
  3 ghost crabs
  2 shambling mangroves
  15 two-headed ogres
  Erica (D:11)
  The ghost of Sassenached the Carver, a novice DsWn of Makhleb (D:11)
  14 naga sharpshooters
  9 death yaks
  2 orc high priests
  2 tengu warriors (D:15)
  2 ogre magi
  8 shock serpents
  Nergalle (D:11)
  Sonja (D:11)
  The ghost of Yermak the Cleaver, a novice DDFi of Makhleb (D:7)
  A fire crab (Swamp:4)
  2 salamander mystics
  6 swamp dragons
  2 lindwurms
  5 unseen horrors
  A spriggan druid (Swamp:2)
  6 sea snakes (Snake:4)
  An orc knight (Orc:2)
  5 naga ritualists
  Pikel (D:7)
  6 ugly things
  13 mana vipers
  2 deep elf magi
  8 salamanders
  2 orc sorcerers
  A cyclops (D:15)
  15 slime creatures
  10 guardian serpents
  32 black mambas
  9 elephants
  Maurice (D:8)
  20 naga magi
  11 spiny frogs
  An ice statue (Snake:2)
  2 gargoyles
  A kobold demonologist (D:13)
  5 rime drakes
  5 komodo dragons
  An efreet (D:13)
  2 tengu conjurers (D:13)
  5 polar bears (Lair:6)
  8 tyrant leeches
  4 trolls
  9 hornets
  7 blink frogs
  A meliai zombie (D:13)
  A dream sheep (Lair:6)
  4 bog bodies
  14 hippogriffs
  Sigmund (D:4)
  12 spriggans
  A vampire (D:11)
  30 yaks
  4 wraiths
  3 shadows
  4 wyverns
  Grum (D:9)
  2 fire elementals (Snake:2)
  A hog (Snake:1)
  10 humans (D:14)
  3 basilisks
  2 steam dragons (Swamp:4)
  11 vampire mosquitoes
  4 hungry ghosts
  10 swamp worms
  2 wargs (Orc:2)
  10 insubstantial wisps
  56 nagas
  A hell hound (Snake:2)
  3 acid dragons
  17 water moccasins
  Duvessa (D:6)
  29 orc warriors
  4 ice beasts
  15 porcupines
  A hornet zombie (D:15)
  2 necrophages (D:11)
  15 swamp drakes
  6 black bears
  A sky beast (D:9)
  20 ogres
  A slave (D:7)
  2 eyes of draining
  A phantom (D:8)
  22 wolves
  5 boggarts (Lair:6)
  17 centaurs
  11 crocodiles
  2 big kobolds
  28 bullfrogs
  Dowan (D:6)
  A wyvern zombie (D:12)
  Blork the orc (D:4)
  7 scorpions
  11 killer bees
  6 wights
  4 howler monkeys
  5 crimson imps
  3 bullfrog zombies
  4 centaur skeletons
  3 quasits
  3 jellies
  5 centaur zombies
  5 hounds
  17 orc priests
  21 orc wizards
  2 bullfrog skeletons
  A gnoll shaman (Orc:2)
  3 iguanas
  8 worker ants
  An ogre zombie (D:9)
  A mummy (D:11)
  A howler monkey zombie (D:5)
  A worker ant zombie (D:11)
  16 gnolls
  11 adders
  4 shadow imps
  An adder zombie (D:8)
  6 worms
  5 dart slugs
  11 leopard geckos
  78 orcs
  3 ball pythons
  11 bats
  6 giant cockroaches
  10 goblins
  10 hobgoblins
  7 jackals
  17 kobolds
  6 quokkas
  6 frilled lizards
  A quokka skeleton (D:4)
  A quokka zombie (D:5)
  5 rats
  A butterfly (Lair:6)
  A fire vortex (Swamp:4)
1097 creatures vanquished.

Vanquished Creatures (collateral kills)
  A nagaraja (Snake:3)
  2 hydras
  A naga warrior (Snake:4)
  An anaconda (Snake:4)
  An alligator (Swamp:4)
  A naga sharpshooter (Snake:3)
  2 shock serpents
  A swamp dragon (Swamp:4)
  4 salamanders
  A naga mage (Snake:4)
  3 black mambas
  A spiny frog (Lair:3)
  A polar bear (Lair:6)
  A tyrant leech (Swamp:1)
  A bog body (Swamp:3)
  4 slime creatures (Swamp:1)
  A fire elemental (Snake:2)
  3 vampire mosquitoes
  3 insubstantial wisps
  3 nagas (Snake:4)
  A water moccasin (Lair:6)
  A porcupine (Lair:3)
  2 swamp drakes
  An ogre (D:9)
  A wolf (Lair:6)
  A bullfrog (D:11)
  2 crimson imps (D:15)
  A jelly (D:13)
  An iguana (Lair:4)
  An orc (D:14)
  A fungus (Lair:2)
  A plant (Lair:6)
50 creatures vanquished.

Vanquished Creatures (others)
  A vault guard (D:14)
  A swamp dragon (Swamp:4)
  A sea snake (Snake:4)
  2 swamp drakes (Swamp:4)
  2 orc wizards
  2 orcs
  6 fungi
  5 plants
20 creatures vanquished.

Grand Total: 1167 creatures vanquished

Notes
Turn   | Place    | Note
-------+----------+-------------------------------------------
     0 | D:1      | Ereth the Troll Fighter began the quest for the Orb.
     0 | D:1      | Reached XP level 1. HP: 22/22 MP: 0/0
    75 | D:1      | Reached XP level 2. HP: 29/29 MP: 1/1
   500 | D:2      | Reached XP level 3. HP: 36/36 MP: 2/2
   769 | D:2      | Reached XP level 4. HP: 28/44 MP: 3/3
   779 | D:2      | Reached skill level 3 in Unarmed Combat
   989 | D:2      | Reached XP level 5. HP: 43/52 MP: 4/4
  1035 | D:2      | Found a faded altar of an unknown god.
  1077 | D:2      | Found a shadowy altar of Dithmenos.
  1390 | D:3      | Noticed an orc warrior
  1546 | D:2      | Killed an orc warrior
  1546 | D:2      | Reached skill level 4 in Unarmed Combat
  1623 | D:3      | Found a sacrificial altar of Ru.
  1777 | D:3      | Reached XP level 6. HP: 61/61 MP: 5/5
  2466 | D:4      | Noticed Blork the orc
  2470 | D:4      | Reached skill level 1 in Throwing
  2474 | D:4      | Killed Blork the orc
  2474 | D:4      | Reached XP level 7. HP: 62/67 MP: 6/6
  2612 | D:4      | Found a white marble altar of Elyvilon.
  2758 | D:4      | Reached skill level 5 in Unarmed Combat
  3084 | D:4      | Found a glowing golden altar of the Shining One.
  3109 | D:4      | Noticed Sigmund
  3125 | D:4      | Killed Sigmund
  3329 | D:5      | Entered Level 5 of the Dungeon
  3368 | D:5      | Reached skill level 6 in Unarmed Combat
  3376 | D:5      | Reached XP level 8. HP: 69/75 MP: 7/7
  3393 | D:5      | Found a stormy altar of Qazlal.
  3451 | D:5      | Found a hazy altar of Hepliaklqana.
  4040 | D:6      | Reached skill level 7 in Unarmed Combat
  4110 | D:6      | Found a staircase to the Ecumenical Temple.
  4118 | Temple   | Entered the Ecumenical Temple
  4148 | Temple   | Became a worshipper of Warmaster Okawaru
  4377 | D:6      | Found a burning altar of Makhleb.
  4378 | D:6      | Found a blossoming altar of Fedhas.
  4390 | D:6      | Found a shimmering altar of Xom.
  4405 | D:6      | Noticed Duvessa
  4405 | D:6      | Noticed Dowan
  4412 | D:6      | Killed Duvessa
  4415 | D:6      | Killed Dowan
  4415 | D:6      | Reached skill level 8 in Unarmed Combat
  4810 | D:6      | Found a hide-covered altar of Uskayaw.
  4813 | D:6      | Found a bloodstained altar of Trog.
  4896 | D:7      | Noticed Harold
  4905 | D:7      | Killed Harold
  4905 | D:7      | Reached * piety under Okawaru
  4905 | D:7      | Reached skill level 5 in Dodging
  4905 | D:7      | Reached skill level 1 in Stealth
  4905 | D:7      | Reached skill level 9 in Unarmed Combat
  4905 | D:7      | Reached XP level 9. HP: 80/83 MP: 8/8
  5124 | D:6      | Reached skill level 5 in Shields
  5254 | D:7      | Noticed Pikel
  5263 | D:7      | Killed Pikel
  5263 | D:7      | Reached ** piety under Okawaru
  5526 | D:7      | Found a runed translucent gate.
  5526 | D:7      | Found a runed translucent gate.
  5526 | D:7      | Found a runed translucent gate.
  5526 | D:7      | Noticed Yermak's ghost (novice DDFi)
  5571 | D:8      | Found a sparkling altar of Nemelex Xobeh.
  5581 | D:8      | Reached skill level 10 in Unarmed Combat
  5600 | D:8      | Noticed a two-headed ogre
  5608 | D:8      | Killed a two-headed ogre
  5608 | D:8      | Reached *** piety under Okawaru
  5608 | D:8      | Reached XP level 10. HP: 54/92 MP: 9/9
  5627 | D:8      | Noticed a two-headed ogre
  5682 | D:8      | Killed a two-headed ogre
  5727 | D:8      | Noticed Maurice
  5737 | D:8      | Killed Maurice
  5737 | D:8      | Reached **** piety under Okawaru
  5888 | D:8      | Reached skill level 1 in Invocations
  5912 | D:8      | Reached skill level 11 in Unarmed Combat
  6493 | D:9      | Learned a level 1 spell: Animate Skeleton
  6640 | D:9      | Noticed a centaur warrior
  6650 | D:9      | Killed a centaur warrior
  6770 | D:9      | Found a staircase to the Orcish Mines.
  6824 | D:9      | Noticed Grum
  6838 | D:9      | Killed Grum
  6838 | D:9      | Reached ***** piety under Okawaru
  6848 | D:9      | Received a gift from Okawaru
  6920 | D:9      | Found Cauklik's Gadget Boutique.
  6986 | D:9      | Reached XP level 11. HP: 100/100 MP: 10/10
  7040 | D:9      | Noticed a two-headed ogre
  7041 | D:9      | Noticed a two-headed ogre
  7049 | D:9      | Noticed a two-headed ogre
  7056 | D:9      | Killed a two-headed ogre
  7056 | D:9      | Reached skill level 12 in Unarmed Combat
  7061 | D:9      | Killed a two-headed ogre
  7195 | D:9      | Killed a two-headed ogre
  7195 | D:9      | Reached skill level 1 in Necromancy
  7250 | D:9      | Noticed a two-headed ogre
  7250 | D:9      | Noticed a two-headed ogre
  7250 | D:9      | Noticed an ogre mage
  7253 | D:9      | Noticed a two-headed ogre
  7261 | D:9      | Killed a two-headed ogre
  7261 | D:9      | Reached skill level 1 in Spellcasting
  7265 | D:9      | Killed a two-headed ogre
  7272 | D:9      | Killed an ogre mage
  7272 | D:9      | Received a gift from Okawaru
  7278 | D:9      | Killed a two-headed ogre
  7665 | D:9      | Found a staircase to the Lair.
  7914 | D:10     | Entered Level 10 of the Dungeon
  8041 | D:10     | Reached skill level 13 in Unarmed Combat
  8070 | D:10     | Noticed Snorg
  8088 | D:10     | Killed Snorg
  8524 | D:10     | Found Peidijo's Distillery.
  8718 | D:11     | Reached XP level 12. HP: 109/109 MP: 13/13
  8734 | D:11     | Noticed Erica
  8744 | D:11     | Killed Erica
  8866 | D:11     | Found a runed translucent gate.
  8866 | D:11     | Found a runed translucent gate.
  8866 | D:11     | Found a runed translucent gate.
  8867 | D:11     | Noticed an 11-headed hydra
  8867 | D:11     | Noticed Sassenached's ghost (novice DsWn)
  8867 | D:11     | Noticed a nine-headed hydra
  9033 | D:11     | Noticed Sonja
  9036 | D:11     | Killed Sonja
  9098 | D:11     | Reached ****** piety under Okawaru
  9193 | D:11     | Noticed Erolcha
  9202 | D:11     | Killed Erolcha
  9202 | D:11     | Received a gift from Okawaru
  9202 | D:11     | Reached skill level 1 in Armour
  9286 | D:11     | Noticed Nergalle
  9303 | D:11     | Killed Nergalle
  9318 | D:11     | Identified 2 scrolls of acquirement
  9353 | D:11     | Reached skill level 14 in Unarmed Combat
  9535 | D:12     | Noticed a two-headed ogre
  9544 | D:12     | Killed a two-headed ogre
  9547 | D:12     | Noticed a two-headed ogre
  9555 | D:12     | Killed a two-headed ogre
  9616 | D:12     | Found a stormy altar of Qazlal.
  9814 | D:12     | Noticed a two-headed ogre
  9820 | D:12     | Killed a two-headed ogre
  9826 | D:12     | Noticed Jorgrun
  9843 | D:12     | Killed Jorgrun
  9843 | D:12     | Received a gift from Okawaru
  9843 | D:12     | Reached XP level 13. HP: 77/117 MP: 12/15
 10574 | D:13     | Found a portal to a secret trove of treasure.
 10584 | D:13     | Reached skill level 15 in Unarmed Combat
 11532 | D:14     | Found a gate leading to a gauntlet.
 11718 | D:14     | Received a gift from Okawaru
 11929 | D:14     | Found a gate to the Vaults.
 11935 | D:14     | Received a gift from Okawaru
 12013 | D:14     | Found a burning altar of Makhleb.
 12040 | D:15     | Entered Level 15 of the Dungeon
 12236 | D:15     | Received a gift from Okawaru
 12368 | D:15     | Found a staircase to the Depths.
 12368 | D:15     | Noticed a fire giant
 12408 | D:15     | Killed a fire giant
 12408 | D:15     | Reached XP level 14. HP: 64/124 MP: 14/17
 12492 | D:15     | Found a runed translucent gate.
 12492 | D:15     | Found a runed translucent gate.
 12493 | D:15     | Noticed Waecyras's ghost (adept KoGl)
 12495 | D:15     | Found a runed translucent gate.
 12508 | D:15     | Reached skill level 16 in Unarmed Combat
 12584 | D:15     | Found a blossoming altar of Fedhas.
 12704 | D:15     | Found Pabbeteoz's Jewellery Shoppe.
 13213 | D:9      | Received a gift from Okawaru
 13255 | Lair:1   | Entered Level 1 of the Lair of Beasts
 13667 | Lair:1   | Received a gift from Okawaru
 14247 | Lair:2   | Found a staircase to the Snake Pit.
 15077 | Lair:3   | Received a gift from Okawaru
 15631 | Lair:4   | Noticed Nessos
 15639 | Lair:4   | Killed Nessos
 16131 | Lair:4   | Found a runed translucent gate.
 16131 | Lair:4   | Found a runed translucent gate.
 16132 | Lair:4   | Found a runed translucent gate.
 16134 | Lair:4   | Found a viscous altar of Jiyva.
 16134 | Lair:4   | Noticed mavignon's ghost (journeyman MfVM)
 16223 | Lair:4   | You fall into a shaft and drop 1 floor!
 16426 | Lair:4   | Reached skill level 10 in Shields
 16445 | Lair:4   | Found a staircase to the Swamp.
 16643 | Lair:5   | Received a gift from Okawaru
 16660 | Lair:5   | Got a translucent rapier {god gift}
 16873 | Lair:5   | Found a viscous altar of Jiyva.
 16874 | Lair:5   | Found a staircase to the Slime Pits.
 16906 | Lair:5   | Reached skill level 5 in Armour
 17213 | Lair:5   | Reached skill level 17 in Unarmed Combat
 17350 | Lair:6   | Entered Level 6 of the Lair of Beasts
 17378 | Lair:5   | Received a gift from Okawaru
 17378 | Lair:5   | Reached XP level 15. HP: 72/132 MP: 17/19
 17634 | Lair:6   | Reached skill level 5 in Fighting
 17702 | Lair:6   | Noticed Josephine
 17716 | Lair:6   | Killed Josephine
 17867 | Lair:6   | Upgraded the game from 0.24.0-37-gcf1ca852f1 to
                  | 0.24.0-41-g2ae2f7f1be
 17905 | Lair:6   | Reached skill level 5 in Necromancy
 18513 | Lair:6   | Received a gift from Okawaru
 19240 | D:7      | Killed Yermak's ghost
 19412 | D:11     | Killed Sassenached's ghost
 19647 | D:15     | Killed Waecyras's ghost
 19657 | D:15     | Received a gift from Okawaru
 19668 | D:15     | Reached skill level 18 in Unarmed Combat
 19953 | Orc:1    | Entered Level 1 of the Orcish Mines
 20085 | Orc:1    | Noticed an orc warlord
 20120 | D:9      | Killed an orc warlord
 20384 | Orc:2    | Entered Level 2 of the Orcish Mines
 20531 | Orc:1    | Found a bloodstained altar of Trog.
 20839 | Orc:2    | Found a roughly hewn altar of Beogh.
 20879 | Orc:2    | Found a roughly hewn altar of Beogh.
 21022 | Orc:2    | Noticed an orc warlord
 21065 | Orc:2    | Killed an orc warlord
 21149 | Orc:2    | Found Ydeimyng's Antique Weapon Emporium.
 21152 | Orc:2    | Found a roughly hewn altar of Beogh.
 21250 | Orc:2    | Found a staircase to the Elven Halls.
 21287 | Orc:2    | Found a roughly hewn altar of Beogh.
 21292 | Orc:2    | Found Omor's Assorted Antiques.
 21313 | Orc:2    | Bought a potion of berserk rage for 145 gold pieces
 21313 | Orc:2    | Bought a scroll of teleportation for 87 gold pieces
 21313 | Orc:2    | Bought a scroll of fear for 101 gold pieces
 21313 | Orc:2    | Bought a scroll of identify for 58 gold pieces
 21533 | Orc:2    | Found a roughly hewn altar of Beogh.
 21562 | Orc:2    | Found Keizoq's Armour Shop.
 21567 | Orc:2    | Bought the +3 crown of Dyrovepreva {rElec Int+2 SInv} for
                  | 662 gold pieces
 21567 | Orc:2    | Found the +3 crown of Dyrovepreva {rElec Int+2 SInv}
 21665 | Orc:2    | Found Kaloeqyh's Antique Armour Shoppe.
 21763 | Orc:2    | Found a roughly hewn altar of Beogh.
 22027 | Swamp:1  | Entered Level 1 of the Swamp
 22142 | Swamp:1  | Reached XP level 16. HP: 124/141 MP: 17/20
 22760 | Swamp:1  | You fall into a shaft and drop 1 floor!
 22813 | Swamp:2  | Identified Roxanne's Grimoire of Shape Shifting
 22813 | Swamp:2  | Noticed Roxanne
 23000 | Swamp:2  | Received a gift from Okawaru
 23386 | Swamp:2  | Identified the -4 shield "Zegucah" {MP+9}
 23386 | Swamp:2  | Noticed Donald
 23396 | Swamp:2  | Killed Donald
 23728 | Swamp:3  | Noticed a thorn hunter
 23794 | Swamp:3  | Killed a thorn hunter
 24581 | Swamp:4  | Entered Level 4 of the Swamp
 24595 | Swamp:4  | Noticed a tentacled monstrosity
 24632 | Swamp:3  | Killed a tentacled monstrosity
 24632 | Swamp:3  | Reached skill level 19 in Unarmed Combat
 24877 | Swamp:4  | Received a gift from Okawaru
 24878 | Swamp:4  | Found the -2 hat of the Alchemist {rElec rPois rF+ rC+ rN+
                  | MR+ rMut rCorr}
 26101 | Swamp:4  | Got a decaying rune of Zot
 26137 | Swamp:4  | Reached XP level 17. HP: 149/149 MP: 22/22
 26261 | Swamp:4  | Noticed a tentacled monstrosity
 26279 | Swamp:4  | Killed a tentacled monstrosity
 26560 | Snake:1  | Entered Level 1 of the Snake Pit
 26877 | Snake:1  | Noticed Kirke
 26903 | Snake:1  | Killed Kirke
 26975 | Snake:1  | Noticed Rupert
 26986 | Snake:1  | Killed Rupert
 27087 | Snake:1  | Received a gift from Okawaru
 27098 | Snake:1  | Found Gisetiq's Antique Armour Shop.
 27646 | Snake:2  | Noticed Agnes
 27659 | Snake:2  | Killed Agnes
 27785 | Snake:2  | Received a gift from Okawaru
 27949 | Snake:2  | Found a sacrificial altar of Ru.
 28063 | Snake:2  | Noticed Azrael
 28080 | Snake:2  | Killed Azrael
 28212 | Snake:2  | Found a frozen archway.
 28844 | Snake:3  | Reached skill level 20 in Unarmed Combat
 28867 | Snake:3  | Received a gift from Okawaru
 28940 | Snake:3  | Found a runed translucent gate.
 28940 | Snake:3  | Found a runed translucent gate.
 28940 | Snake:3  | Found a runed translucent gate.
 28943 | Snake:3  | Noticed Mesmaeker13's ghost (adept KoCj)
 29170 | Snake:3  | Received a gift from Okawaru
 29370 | Snake:3  | Got a heavily runed bone ring
 29807 | Snake:4  | Entered Level 4 of the Snake Pit
 30061 | Snake:4  | Identified the amulet of Eruehut {Reflect Str-4 Dex+3 SH+4
                  | SInv}
 30071 | Snake:4  | Reached XP level 18. HP: 154/159 MP: 20/23
 30548 | Snake:4  | Found Zutups's Jewellery Shop.
 31390 | Snake:4  | Received a gift from Okawaru
 31800 | Snake:4  | Got a serpentine rune of Zot
 32398 | D:$      | Got out of the dungeon!

Levels and vault maps discovered:
D:1:      minmay_arrival_cross, layout_basic, minmay_hexomino_c4
D:2:      layout_basic, lemuel_doored_altar, chequers_ecumenical_altar_grove,
          first_ration
D:3:      layout_basic, nicolae_ru_awakened_eye, serial_glass, glass_columns_a,
          glass_columns_c, feat_on_display
D:4:      layout_cave_pools, elyvilon_altar_1, nicolae_tso_swordbearing_angel,
          serial_co_window_serial, co_window_paths_a,
          co_window_of_opportunity_a, co_window_cross_1,
          co_window_of_opportunity_a, co_window_corner_a, co_window_paths_a,
          co_window_corner_b, co_window_of_opportunity_b, co_window_cross_2,
          co_window_2corner, co_window_broadway_a, glass_columns_a,
          glass_columns_a, glass_columns_b, uniq_sigmund, uniq_blork_the_orc
D:5:      wander_river, layout_basic, kennysheep_little_box,
          nicolae_overflow_crystal_walls
D:6:      layout_loops_cross, lemuel_crystal_altar,
          nicolae_overflow_hidden_temple, minmay_temple_entry_tees, uniq_duvessa
D:7:      layout_rooms, ebering_ghost_rock_garden, uniq_pikel, uniq_harold
D:8:      layout_loops_ring, old_standard_altar, uniq_maurice
D:9:      lemuel_ogre_cave, layout_loops_corners,
          grunt_lair_entry_orc_guard_hut, serial_shops, nicolae_shop_stone,
          uniq_grum
D:10:     layout_basic, serial_shops, shop, grunt_pizzeria,
          hangedman_abyss_or_decor_stagger, uniq_snorg
D:11:     layout_basic, serial_undead, serial_undead_b, serial_undead_f,
          serial_undead_c, serial_undead_d, gammafunk_ghost_hydra_chop,
          uniq_sonja, uniq_erolcha, uniq_nergalle, uniq_erica
D:12:     layout_basic, basic_altar, uniq_jorgrun
D:13:     layout_loops_cross, enter_trove_0
D:14:     layout_gridville, ximxim_vaults_locker_room, gauntlet_entry_generic,
          basic_altar
D:15:     grunt_enter_depths_giant_problem, layout_basic,
          gammafunk_ghost_hydra_chop, serial_shops, shop, fedhas_altar_3
Temple:   dpeg_chambers_temple
Lair:1:   layout_roguey, guppyfry_lair_drakes
Lair:2:   layout_misc_corridors, dummy_snake_entry, grunt_megastairs_2
Lair:3:   layout_regular_city, beast_lair_carwin_8, grunt_megastairs_4
Lair:4:   layout_cave_pods, palyth_hydra_swamp_entry, gammafunk_ghost_ooze,
          lemuel_fruit_tree, uniq_nessos
Lair:5:   layout_hall_layers, slime_altar_1
Lair:6:   minmay_lair_end_enchanted_forest, layout_cave_pods,
          serial_bayou_shore_b, lemuel_fruit_fields, infiniplex_staircase_pool,
          lemuel_fruit_fields, uniq_josephine
Swamp:1:  layout_basic_swamp, evilmike_swamp_ruin_house_1
Swamp:2:  layout_falls_marsh, evilmike_swamp_ruin_house_5, uniq_donald,
          uniq_roxanne
Swamp:3:  layout_falls_marsh, evilmike_swamp_ruin_house_3,
          statue_in_the_mist_lemuel
Swamp:4:  swamp_fiery, layout_basic_swamp, swamp_pool1
Snake:1:  layout_cave_pods, serial_shops, shop, uniq_kirke, uniq_rupert
Snake:2:  layout_grid_shapes, portal_ice_cave_entry_ice_statue_one, basic_altar,
          st_stairs_4, uniq_azrael, uniq_agnes
Snake:3:  layout_basic, gammafunk_ghost_necromancy, grunt_ministairs_7
Snake:4:  grunt_snake_rune_pools, layout_cave_town, serial_shops,
          nicolae_shop_statue_plus
Orc:1:    layout_caves, bloody_trog
Orc:2:    grunt_orc_community_town_hall, layout_caves,
          grunt_orc_community_big_house_2, grunt_orc_community_big_house_2,
          grunt_orc_community_house_3, grunt_orc_community_house_2,
          grunt_orc_community_house_2, grunt_orc_community_house_1,
          grunt_orc_community_house_1, grunt_orc_community_house_3

Skill      XL: |  1  2  3  4  5  6  7  8  9 10 11 12 13 14 15 16 17 18 |
---------------+-------------------------------------------------------+-----
Shields        | 3 4 6 7 8 9 10 11 12 13 14 | 14.2
Dodging        | 3 4 5 6 7 8 9 |  9.7
Unarmed Combat | 3 4 6 9 10 11 13 14 15 17 18 19 20 | 20.7
Fighting       | 3 4 5 |  5.8
Throwing       | 1 2 3 4 |  4.0
Stealth        | 1 2 3 |  3.6
Invocations    | 1 2 3 |  3.2
Necromancy     | 2 3 4 5 6 |  6.5
Spellcasting   | 1 2 3 4 |  4.8
Armour         | 2 3 5 6 7 |  7.8
Evocations     | |  0.1

Action                   |  1- 3 |  4- 6 |  7- 9 | 10-12 | 13-15 | 16-18 || total
-------------------------+-------+-------+-------+-------+-------+-------++-------
Melee: Unarmed           |    97 |   190 |   285 |   465 |  1535 |  1381 ||  3953
Throw: Stone             |    11 |     8 |       |     4 |       |       ||    23
       Javelin           |       |       |       |    23 |    27 |    28 ||    78
 Cast: Animate Skeleton  |       |       |       |    33 |    64 |   104 ||   201
Invok: Heroism           |       |       |     4 |    13 |    35 |    21 ||    73
Evoke: Wand              |       |       |       |       |     4 |     1 ||     5
  Use: Scroll            |       |       |    12 |    11 |    13 |    13 ||    49
       Potion            |       |       |       |       |     2 |     6 ||     8
 Stab: Sleeping          |       |       |     1 |     4 |       |       ||     5
       Distracted        |       |       |       |     1 |     1 |    12 ||    14
       Paralysed         |       |       |       |       |     1 |       ||     1
       Confused          |       |       |       |       |       |     1 ||     1
  Eat: Chunk             |    12 |    17 |    28 |    44 |   116 |    86 ||   303
       Ration            |       |       |       |       |       |     1 ||     1
Armor: Robe              |    56 |    63 |    69 |    46 |       |       ||   234
       Acid dragon scale |       |       |       |    49 |       |       ||    49
       Pearl dragon scal |       |       |       |    18 |   455 |   461 ||   934
Dodge: Dodged            |    42 |    67 |   116 |   141 |   485 |   558 ||  1409
Block: Shield            |    53 |    96 |   115 |   210 |   203 |       ||   677
       Large shield      |       |       |       |       |  1176 |  1501 ||  2677
